WCHLSIM.com - West Coast Hockey League
html PUBLIC "-//W3C//DTD XHTML 1.0 Transitional//EN" "http://www.w3.org/TR/xhtml1/DTD/xhtml1-transitional.dtd"> WCHL - Game 13 - VANCOUVER VOODOO vs TEXAS TOROS

VANCOUVER VOODOO vs TEXAS TOROS

Created - 13 octobre 2023 at 21:01

Goals
1 2 3 T
VANCOUVER VOODOO 1 0 3 4
TEXAS TOROS 0 0 0 0
Shots
1 2 3 T
VANCOUVER VOODOO 9 5 21 35
TEXAS TOROS 8 13 15 36

1st period

1. VANCOUVER VOODOO , Conor Garland 1 (Nicolas Roy 1) at 0:08

Penalties :
Dougie Hamilton (TEX) for Tripping (Minor) at 0:31, Jonathan Drouin (VAN) for Interference (Minor) at 1:20, Tyson Barrie (TEX) for Tripping (Minor) at 12:25, Wade Allison (TEX) for Tripping (Minor) at 19:01

2nd period

No Goal

Penalties :
No Penalty

3rd period

2. VANCOUVER VOODOO , Nicolas Roy 1 (Conor Garland 1, Josh Anderson 1) at 0:23
3. VANCOUVER VOODOO , Conor Garland 2 (Josh Anderson 2, Nicolas Roy 2) at 3:58
4. VANCOUVER VOODOO , Radek Faksa 1 (Josh Bailey 1, Rafael Harvey-Pinard 1) at 10:13

Penalties :
Tom Wilson (VAN) for Tripping (Minor) at 16:35

Goalie Stats

Filip Gustavsson (VAN), 36 saves from 36 shots - (1,000), W, 1-0-0, 60:00 minutes
Adin Hill (TEX), 31 saves from 35 shots - (0,886), L, 0-1-0, 60:00 minutes

Players Stats for VANCOUVER VOODOO

Player Name              G  A  P  +/- PIM S  H  SB GA TA FO     MP     PP MP  PK MP  
------------------------------------------------------------------------------------
Braden Schneider         0  0  0   0  0   0  2  1  0  0  0/0    17:46   0:00   1:36 
Brendan Gallagher        0  0  0   0  0   0  0  1  0  0  0/2     8:23   0:00   0:00 
Calen Addison            0  0  0   0  0   0  0  0  0  0  0/0    18:49   2:31   0:00 
Callan Foote             0  0  0   1  0   0  0  1  0  0  0/0    18:33   0:00   1:12 
Christian Dvorak         0  0  0   0  0   4  0  1  0  0  18/32  17:25   0:00   1:28 
Conor Garland            2  1  3   3  0   4  1  0  0  0  0/2    19:11   2:31   0:00 
Jonathan Drouin          0  0  0   0  2   3  0  1  0  0  3/5    18:35   2:30   0:00 
Jordan Harris            0  0  0   3  0   0  0  1  0  0  0/0    20:16   2:16   1:12 
Josh Anderson            0  2  2   3  0   3  2  0  0  0  1/1    18:12   2:16   0:00 
Josh Bailey              0  1  1   1  0   0  0  0  0  0  0/0    12:25   0:00   0:00 
Joshua Norris            0  0  0   0  0   1  0  3  0  0  3/6    10:13   2:16   0:00 
Max Pacioretty           0  0  0   0  0   0  1  0  0  0  0/0     7:57   0:00   0:00 
Nicolas Hague            0  0  0   3  0   0  0  1  0  0  0/0    21:11   2:16   1:24 
Nicolas Roy              1  2  3   3  0   5  0  0  0  0  10/18  19:47   2:31   1:20 
Radek Faksa              1  0  1   1  0   4  0  1  0  0  14/19  13:55   0:00   1:20 
Rafael Harvey-Pinard     0  1  1   1  0   8  0  0  0  0  0/2    13:19   0:00   1:28 
Sebastien Aho            0  0  0   1  0   0  0  0  0  0  0/0    21:54   2:31   0:12 
Tom Wilson               0  0  0   0  2   3  5  0  0  0  0/1    18:09   2:16   0:00 

Players Stats for TEXAS TOROS

Player Name              G  A  P  +/- PIM S  H  SB GA TA FO     MP     PP MP  PK MP  
------------------------------------------------------------------------------------
Dante Fabbro             0  0  0  -1  0   0  4  1  0  0  0/0    13:58   0:00   1:25 
Danton Heinen            0  0  0  -3  0   2  1  0  0  0  0/2    17:08   0:00   0:00 
Dougie Hamilton          0  0  0  -1  2   2  0  3  0  0  0/0    22:50   1:46   1:44 
Jesse Ylonen             0  0  0   0  0   2  0  0  0  0  0/1    12:10   0:00   0:00 
Jonathan Toews           0  0  0   0  0   2  1  0  0  0  10/16  15:54   1:02   2:42 
Kevin Hayes              0  0  0  -1  0   4  0  0  0  0  8/20   17:46   1:46   0:00 
Miles Wood               0  0  0  -1  0   1  0  0  0  0  1/2    17:02   1:02   0:00 
Nate Schmidt             0  0  0  -1  0   1  1  1  0  0  0/0    13:10   0:00   0:37 
Owen Power               0  0  0  -2  0   3  1  4  0  0  0/0    23:25   1:02   2:04 
Ryan Poehling            0  0  0   0  0   0  0  0  0  0  2/8     8:02   0:00   2:05 
Ryan Suter               0  0  0  -2  0   2  5  4  0  0  0/0    24:10   1:02   2:37 
Taylor Raddysh           0  0  0  -1  0   5  0  0  0  0  0/1    18:12   1:02   0:00 
Trevor Zegras            0  0  0  -3  0   4  4  0  0  0  17/33  19:15   0:57   0:00 
Troy Terry               0  0  0  -3  0   8  0  1  0  0  0/2    21:36   1:46   2:42 
Tyson Barrie             0  0  0  -1  2   0  0  3  0  0  0/0    22:25   1:46   1:07 
Tyson Foerster           0  0  0   0  0   0  1  0  0  0  0/0    12:59   0:49   0:00 
Wade Allison             0  0  0   0  2   0  1  0  0  0  0/2     6:58   0:00   1:02 
Yegor Chinakhov          0  0  0   0  0   0  0  0  0  0  1/1     7:00   0:00   1:03 

3 Stars

1 - Filip Gustavsson (VAN)
2 - Conor Garland (VAN)
3 - Nicolas Roy (VAN)

Power Play

VANCOUVER VOODOO - 0 on 3 Attempt(s) - 0,00%
TEXAS TOROS - 0 on 2 Attempt(s) - 0,00%

Penalty Kill

VANCOUVER VOODOO - 2 on 2 Attempt(s) - 100,00% - Score 0 goal in Penalty Kill
TEXAS TOROS - 3 on 3 Attempt(s) - 100,00% - Score 0 goal in Penalty Kill

Team Stat

VANCOUVER VOODOO - Hits : 11 - Faceoff Wins : 49 - Blocked Shots : 11 - Penalty Minutes : 4
TEXAS TOROS - Hits : 19 - Faceoff Wins : 39 - Blocked Shots : 17 - Penalty Minutes : 6

Official

Referees : Ben O'Quinn and Justin Kea
Linesman : Kiel Murchison and Glen Cooke

Game Notes

Callan Foote is injured at 19:29 of 3rd period (Bruised Right Shoulder)

Finance

Level 1 -- Attendance: 4940 (76,00%) -- Ticket Income 839 800 $
Level 2 -- Attendance: 4460 (81,09%) -- Ticket Income 535 200 $
Level 3 -- Attendance: 2275 (75,83%) -- Ticket Income 204 750 $
Level 4 -- Attendance: 4430 (88,60%) -- Ticket Income 265 800 $
Luxury Box -- Attendance: 693 (69,30%) -- Ticket Income 277 200 $
Game was played at the Red Bull Arena.
Total Attendance: 16798 (79,99%)
Total Ticket Income: 2 122 750 $
Other Expense: 21 228 $
Total Income: 2 101 522 $

VANCOUVER VOODOO

5 vs 5 Forward 
   Center                   Left Wing                Right Wing               Time % Phy DF OF 
 1 Nicolas Roy              Conor Garland            Josh Anderson            33     1   1  3  
 2 Christian Dvorak         Jonathan Drouin          Tom Wilson               32     2   1  2  
 3 Radek Faksa              Rafael Harvey-Pinard     Josh Bailey              26     1   3  1  
 4 Joshua Norris            Max Pacioretty           Brendan Gallagher        9      1   2  2  

5 vs 5 Defense 
   Defense                  Defense                                           Time % Phy DF OF 
 1 Nicolas Hague            Jordan Harris                                     35     2   2  1  
 2 Calen Addison            Braden Schneider                                  34     1   1  3  
 3 Sebastien Aho            Callan Foote                                      31     2   2  1  
 4 Nicolas Hague            Sebastien Aho                                     0      1   2  2  

PowerPlay Forward 
   Center                   Left Wing                Right Wing               Time % Phy DF OF 
 1 Jonathan Drouin          Conor Garland            Nicolas Roy              53     1   0  4  
 2 Joshua Norris            Josh Anderson            Tom Wilson               47     2   1  2  

PowerPlay Defense
   Defense                  Defense                                           Time % Phy DF OF 
 1 Sebastien Aho            Calen Addison                                     53     1   1  3  
 2 Jordan Harris            Nicolas Hague                                     47     1   2  2  

Penalty Kill 4 Players Forward 
   Center                   Wing                     Time % Phy DF OF 
 1 Christian Dvorak         Rafael Harvey-Pinard     53     1   4  0  
 2 Radek Faksa              Nicolas Roy              47     2   2  1  

Penalty Kill 4 Players Defense
   Defense                  Defense                  Time % Phy DF OF 
 1 Nicolas Hague            Braden Schneider         53     2   3  0  
 2 Callan Foote             Jordan Harris            47     1   3  1  

Penalty Kill - 3 Players Forward 
   Forward                                           Time % Phy DF OF 
 1 Radek Faksa                                       55     1   4  0  
 2 Nicolas Roy                                       45     2   3  0  

Penalty Kill - 3 Players Defense
   Defense                  Defense                  Time % Phy DF OF 
 1 Nicolas Hague            Braden Schneider         52     1   4  0  
 2 Jordan Harris            Sebastien Aho            48     1   3  1  

4 vs 4 Forward 
   Center                   Wing                     Time % Phy DF OF 
 1 Radek Faksa              Conor Garland            51     1   2  2  
 2 Christian Dvorak         Brendan Gallagher        49     2   1  2  

4 vs 4 Defense
   Defense                  Defense                  Time % Phy DF OF 
 1 Nicolas Hague            Callan Foote             52     1   2  2  
 2 Sebastien Aho            Braden Schneider         48     1   2  2  

Last Minutes Offensive
   Center                   Left Wing                Right Wing               Defense                  Defense                  
   Nicolas Roy              Jonathan Drouin          Tom Wilson               Nicolas Hague            Calen Addison            

Last Minutes Defensive
   Center                   Left Wing                Right Wing               Defense                  Defense                  
   Christian Dvorak         Rafael Harvey-Pinard     Nicolas Roy              Nicolas Hague            Braden Schneider         

Goaltenders
Starting : Filip Gustavsson         
Backup : Joonas Korpisalo         

Extra Forwards
Normal : Rafael Harvey-Pinard, Brendan Gallagher, Josh Bailey - PP : Christian Dvorak, Josh Bailey - PK : Tom Wilson
Extra Defensemen
Normal : Sebastien Aho, Callan Foote, Jordan Harris - PP : Callan Foote - PK : Callan Foote, Jordan Harris
Penalty Shots
Nicolas Roy, Conor Garland, Josh Anderson, Jonathan Drouin, Tom Wilson
Custom OT Lines Forwards
Josh Anderson, Nicolas Roy, Jonathan Drouin, Conor Garland, Christian Dvorak, Rafael Harvey-Pinard, Tom Wilson, Radek Faksa, Josh Bailey, Brendan Gallagher
Custom OT Lines Defensemen
Nicolas Hague, Jordan Harris, Braden Schneider, Sebastien Aho, Calen Addison

Scratches
Samuel Montembeault (Healthy)

TEXAS TOROS

5 vs 5 Forward 
   Center                   Left Wing                Right Wing               Time % Phy DF OF 
 1 Trevor Zegras            Danton Heinen            Troy Terry               36     1   2  2  
 2 Kevin Hayes              Miles Wood               Taylor Raddysh           31     1   2  2  
 3 Jonathan Toews           Tyson Foerster           Jesse Ylonen             23     1   2  2  
 4 Ryan Poehling            Yegor Chinakhov          Wade Allison             10     1   2  2  

5 vs 5 Defense 
   Defense                  Defense                                           Time % Phy DF OF 
 1 Ryan Suter               Owen Power                                        36     1   2  2  
 2 Dougie Hamilton          Tyson Barrie                                      31     1   2  2  
 3 Nate Schmidt             Dante Fabbro                                      23     1   2  2  
 4 Dougie Hamilton          Tyson Barrie                                      10     1   2  2  

PowerPlay Forward 
   Center                   Left Wing                Right Wing               Time % Phy DF OF 
 1 Trevor Zegras            Kevin Hayes              Troy Terry               55     1   1  3  
 2 Jonathan Toews           Miles Wood               Taylor Raddysh           45     1   1  3  

PowerPlay Defense
   Defense                  Defense                                           Time % Phy DF OF 
 1 Dougie Hamilton          Tyson Barrie                                      55     1   1  3  
 2 Ryan Suter               Owen Power                                        45     1   1  3  

Penalty Kill 4 Players Forward 
   Center                   Wing                     Time % Phy DF OF 
 1 Jonathan Toews           Troy Terry               55     1   2  2  
 2 Ryan Poehling            Wade Allison             45     1   2  2  

Penalty Kill 4 Players Defense
   Defense                  Defense                  Time % Phy DF OF 
 1 Dougie Hamilton          Tyson Barrie             55     1   2  2  
 2 Ryan Suter               Owen Power               45     1   2  2  

Penalty Kill - 3 Players Forward 
   Forward                                           Time % Phy DF OF 
 1 Jonathan Toews                                    55     1   2  2  
 2 Ryan Poehling                                     45     1   2  2  

Penalty Kill - 3 Players Defense
   Defense                  Defense                  Time % Phy DF OF 
 1 Dougie Hamilton          Tyson Barrie             55     1   2  2  
 2 Ryan Suter               Owen Power               45     1   2  2  

4 vs 4 Forward 
   Center                   Wing                     Time % Phy DF OF 
 1 Jonathan Toews           Troy Terry               55     1   2  2  
 2 Trevor Zegras            Taylor Raddysh           45     1   2  2  

4 vs 4 Defense
   Defense                  Defense                  Time % Phy DF OF 
 1 Dougie Hamilton          Tyson Barrie             55     1   2  2  
 2 Ryan Suter               Owen Power               45     1   2  2  

Last Minutes Offensive
   Center                   Left Wing                Right Wing               Defense                  Defense                  
   Jonathan Toews           Danton Heinen            Troy Terry               Dougie Hamilton          Tyson Barrie             

Last Minutes Defensive
   Center                   Left Wing                Right Wing               Defense                  Defense                  
   Jonathan Toews           Danton Heinen            Troy Terry               Dougie Hamilton          Tyson Barrie             

Goaltenders
Starting : Adin Hill                
Backup : Philipp Grubauer         

Extra Forwards
Normal : Tyson Foerster, Ryan Poehling, Wade Allison - PP : Tyson Foerster, Ryan Poehling - PK : Wade Allison
Extra Defensemen
Normal : Nate Schmidt, Dante Fabbro, Ryan Suter - PP : Nate Schmidt - PK : Dante Fabbro, Ryan Suter
Penalty Shots
Jonathan Toews, Troy Terry, Trevor Zegras, Taylor Raddysh, Ryan Poehling
Custom OT Lines Forwards
Jonathan Toews, Troy Terry, Trevor Zegras, Taylor Raddysh, Ryan Poehling, Wade Allison, Danton Heinen, Miles Wood, Jesse Ylonen, Tyson Foerster
Custom OT Lines Defensemen
Dougie Hamilton, Tyson Barrie, Ryan Suter, Owen Power, Nate Schmidt

Scratches
Colin Blackwell (Healthy), Philip Broberg (Healthy)

% Time on Ice - VANCOUVER VOODOO

Lines # - Real PCT - Wanted PCT - Time Play
Normal Forward
1 - 31% - 33% - 15:56
2 - 30% - 32% - 15:31
3 - 23% - 26% - 11:51
4 - 16% - 9% - 7:57
Normal Defense
1 - 34% - 35% - 17:22
2 - 32% - 34% - 16:18
3 - 33% - 31% - 16:55
4 - 1% - 0% - 0:40
PP Forward
1 - 53% - 53% - 2:31
2 - 47% - 47% - 2:16
PP Defense
1 - 53% - 53% - 2:31
2 - 47% - 47% - 2:16
PK Forward
1 - 52% - 53% - 1:28
2 - 48% - 47% - 1:20
PK Defense
1 - 57% - 53% - 1:36
2 - 43% - 47% - 1:12
PK3 Forward
1 - 0% - 55%
2 - 0% - 45%
PK3 Defense
1 - 0% - 52%
2 - 0% - 48%
44 Forward
1 - 63% - 51% - 0:44
2 - 37% - 49% - 0:26
44 Defense
1 - 37% - 52% - 0:26
2 - 63% - 48% - 0:44
Last Minute Offensive  - 0:00
Last Minute Defensive  - 0:00
Total
Forward - 60:00
Defense - 60:00

% Time on Ice - TEXAS TOROS

Lines # - Real PCT - Wanted PCT - Time Play
Normal Forward
1 - 33% - 36% - 17:08
2 - 31% - 31% - 16:00
3 - 24% - 23% - 12:10
4 - 12% - 10% - 5:57
Normal Defense
1 - 37% - 36% - 19:09
2 - 31% - 31% - 15:57
3 - 24% - 23% - 12:33
4 - 7% - 10% - 3:36
PP Forward
1 - 63% - 55% - 1:46
2 - 37% - 45% - 1:02
PP Defense
1 - 63% - 55% - 1:46
2 - 37% - 45% - 1:02
PK Forward
1 - 56% - 55% - 2:42
2 - 44% - 45% - 2:05
PK Defense
1 - 57% - 55% - 2:43
2 - 43% - 45% - 2:04
PK3 Forward
1 - 0% - 55%
2 - 0% - 45%
PK3 Defense
1 - 0% - 55%
2 - 0% - 45%
44 Forward
1 - 0% - 55% - 0:00
2 - 100% - 45% - 1:10
44 Defense
1 - 0% - 55% - 0:00
2 - 100% - 45% - 1:10
Last Minute Offensive  - 0:00
Last Minute Defensive  - 0:00
Total
Forward - 60:00
Defense - 60:00

Play-by-Play

1st period


0:01 of 1st period - Nicolas Roy wins face-off versus Trevor Zegras in neutral zone.
0:08 of 1st period - Shot by Conor Garland.
0:08 of 1st period - Goal by Conor Garland - VANCOUVER VOODOO : 1 - TEXAS TOROS : 0.
0:09 of 1st period - Christian Dvorak wins face-off versus Kevin Hayes in neutral zone.
0:26 of 1st period - Shot by Tom Wilson.
0:26 of 1st period - Shot Misses the Net.
0:31 of 1st period - Minor Penalty to Dougie Hamilton for Tripping.
0:32 of 1st period - Jonathan Toews wins face-off versus Joshua Norris in TEXAS TOROS zone.
0:57 of 1st period - Shot by Josh Anderson.
0:57 of 1st period - Deflect By Tom Wilson.
0:57 of 1st period - Stopped by Adin Hill with a rebound.
1:20 of 1st period - Minor Penalty to Jonathan Drouin for Interference.
1:21 of 1st period - Radek Faksa wins face-off versus Trevor Zegras in VANCOUVER VOODOO zone.
1:21 of 1st period - Radek Faksa is hit by Trevor Zegras.
1:56 of 1st period - Shot by Radek Faksa.
1:56 of 1st period - Shot Blocked by Owen Power.
1:58 of 1st period - Shot by Braden Schneider.
1:58 of 1st period - Shot Misses the Net.
2:00 of 1st period - Shot by Radek Faksa.
2:00 of 1st period - Shot Blocked by Owen Power.
2:07 of 1st period - Icing by Ryan Suter.
2:08 of 1st period - Trevor Zegras wins face-off versus Brendan Gallagher in TEXAS TOROS zone.
2:19 of 1st period - Shot by Trevor Zegras.
2:19 of 1st period - Shot Blocked by Nicolas Hague.
2:51 of 1st period - Shot by Dougie Hamilton.
2:51 of 1st period - Shot Misses the Net.
4:25 of 1st period - Shot by Jonathan Toews.
4:25 of 1st period - Shot Hit the Post.
4:27 of 1st period - Shot by Jesse Ylonen.
4:27 of 1st period - Stopped by Filip Gustavsson without a rebound.
4:28 of 1st period - Trevor Zegras wins face-off versus Christian Dvorak in VANCOUVER VOODOO zone.
4:33 of 1st period - Shot by Troy Terry.
4:33 of 1st period - Stopped by Filip Gustavsson without a rebound.
4:34 of 1st period - Radek Faksa wins face-off versus Troy Terry in VANCOUVER VOODOO zone.
4:41 of 1st period - Shot by Rafael Harvey-Pinard.
4:41 of 1st period - Stopped by Adin Hill without a rebound.
4:42 of 1st period - Nicolas Roy wins face-off versus Trevor Zegras in TEXAS TOROS zone.
5:49 of 1st period - Tyson Barrie is hit by Conor Garland and loses puck.
6:12 of 1st period - Shot by Kevin Hayes.
6:12 of 1st period - Shot Misses the Net.
6:33 of 1st period - Icing by Jesse Ylonen.
6:34 of 1st period - Radek Faksa wins face-off versus Jonathan Toews in TEXAS TOROS zone.
6:36 of 1st period - Rafael Harvey-Pinard is hit by Nate Schmidt.
7:05 of 1st period - Rafael Harvey-Pinard is hit by Dante Fabbro and loses puck.
7:09 of 1st period - Rafael Harvey-Pinard is hit by Dante Fabbro and loses puck.
7:23 of 1st period - Off-side.
7:24 of 1st period - Christian Dvorak wins face-off versus Trevor Zegras in neutral zone.
7:34 of 1st period - Icing by Owen Power.
7:35 of 1st period - Trevor Zegras wins face-off versus Christian Dvorak in TEXAS TOROS zone.
7:35 of 1st period - Trevor Zegras is hit by Tom Wilson.
7:51 of 1st period - Shot by Trevor Zegras.
7:51 of 1st period - Stopped by Filip Gustavsson without a rebound.
7:52 of 1st period - Kevin Hayes wins face-off versus Joshua Norris in VANCOUVER VOODOO zone.
8:05 of 1st period - Off-side.
8:06 of 1st period - Trevor Zegras wins face-off versus Christian Dvorak in neutral zone.
8:14 of 1st period - Off-side.
8:15 of 1st period - Christian Dvorak wins face-off versus Kevin Hayes in neutral zone.
8:36 of 1st period - Shot by Kevin Hayes.
8:36 of 1st period - Shot Misses the Net.
8:38 of 1st period - Shot by Ryan Suter.
8:38 of 1st period - Stopped by Filip Gustavsson without a rebound.
8:39 of 1st period - Trevor Zegras wins face-off versus Radek Faksa in VANCOUVER VOODOO zone.
8:48 of 1st period - Shot by Troy Terry.
8:48 of 1st period - Stopped by Filip Gustavsson without a rebound.
8:49 of 1st period - Nicolas Roy wins face-off versus Jonathan Toews in VANCOUVER VOODOO zone.
8:49 of 1st period - Nicolas Roy is hit by Jonathan Toews.
8:56 of 1st period - Nicolas Roy is hit by Ryan Suter and loses puck.
9:01 of 1st period - Shot by Nicolas Roy.
9:01 of 1st period - Stopped by Adin Hill without a rebound.
9:02 of 1st period - Trevor Zegras wins face-off versus Radek Faksa in TEXAS TOROS zone.
9:15 of 1st period - Shot by Trevor Zegras.
9:15 of 1st period - Shot Misses the Net.
9:48 of 1st period - Icing by Dougie Hamilton.
9:49 of 1st period - Trevor Zegras wins face-off versus Christian Dvorak in TEXAS TOROS zone.
10:08 of 1st period - Owen Power is hit by Tom Wilson and loses puck.
11:20 of 1st period - Shot by Josh Anderson.
11:20 of 1st period - Shot Misses the Net.
11:22 of 1st period - Shot by Nicolas Roy.
11:22 of 1st period - Shot Misses the Net.
11:28 of 1st period - Shot by Conor Garland.
11:28 of 1st period - Shot Misses the Net.
11:52 of 1st period - Shot by Jonathan Toews.
11:52 of 1st period - Deflect By Tyson Foerster.
11:52 of 1st period - Shot Misses the Net.
12:08 of 1st period - Shot by Rafael Harvey-Pinard.
12:08 of 1st period - Stopped by Adin Hill without a rebound.
12:09 of 1st period - Trevor Zegras wins face-off versus Joshua Norris in TEXAS TOROS zone.
12:25 of 1st period - Minor Penalty to Tyson Barrie for Tripping.
12:26 of 1st period - Joshua Norris wins face-off versus Ryan Poehling in TEXAS TOROS zone.
12:26 of 1st period - Josh Anderson is hit by Ryan Suter and loses puck.
13:27 of 1st period - Shot by Conor Garland.
13:27 of 1st period - Shot Blocked by Troy Terry.
13:29 of 1st period - Shot by Conor Garland.
13:29 of 1st period - Shot Misses the Net.
13:49 of 1st period - Shot by Conor Garland.
13:49 of 1st period - Shot Blocked by Dante Fabbro.
14:36 of 1st period - Shot by Kevin Hayes.
14:36 of 1st period - Deflect By Taylor Raddysh.
14:36 of 1st period - Stopped by Filip Gustavsson without a rebound.
14:37 of 1st period - Kevin Hayes wins face-off versus Rafael Harvey-Pinard in VANCOUVER VOODOO zone.
15:10 of 1st period - Shot by Rafael Harvey-Pinard.
15:10 of 1st period - Stopped by Adin Hill without a rebound.
15:11 of 1st period - Trevor Zegras wins face-off versus Christian Dvorak in TEXAS TOROS zone.
15:20 of 1st period - Shot by Troy Terry.
15:20 of 1st period - Deflect By Trevor Zegras.
15:20 of 1st period - Shot Misses the Net.
15:22 of 1st period - Shot by Owen Power.
15:22 of 1st period - Stopped by Filip Gustavsson with a rebound.
15:24 of 1st period - Shot by Troy Terry.
15:24 of 1st period - Shot Misses the Net.
15:36 of 1st period - Shot by Troy Terry.
15:36 of 1st period - Stopped by Filip Gustavsson without a rebound.
15:37 of 1st period - Jonathan Toews wins face-off versus Nicolas Roy in VANCOUVER VOODOO zone.
16:49 of 1st period - Shot by Jonathan Drouin.
16:49 of 1st period - Shot Misses the Net.
16:51 of 1st period - Shot by Christian Dvorak.
16:51 of 1st period - Stopped by Adin Hill without a rebound.
16:52 of 1st period - Radek Faksa wins face-off versus Trevor Zegras in TEXAS TOROS zone.
17:40 of 1st period - Troy Terry is hit by Tom Wilson and loses puck.
17:54 of 1st period - Shot by Tom Wilson.
17:54 of 1st period - Shot Blocked by Tyson Barrie.
18:17 of 1st period - Shot by Jonathan Drouin.
18:17 of 1st period - Shot Misses the Net.
18:34 of 1st period - Icing by Nicolas Hague.
18:35 of 1st period - Nicolas Roy wins face-off versus Kevin Hayes in VANCOUVER VOODOO zone.
18:46 of 1st period - Shot by Conor Garland.
18:46 of 1st period - Shot Blocked by Owen Power.
18:48 of 1st period - Shot by Josh Anderson.
18:48 of 1st period - Stopped by Adin Hill without a rebound.
18:49 of 1st period - Yegor Chinakhov wins face-off versus Radek Faksa in TEXAS TOROS zone.
19:01 of 1st period - Minor Penalty to Wade Allison for Tripping.
19:02 of 1st period - Jonathan Drouin wins face-off versus Ryan Poehling in TEXAS TOROS zone.
19:03 of 1st period - Shot by Nicolas Roy.
19:03 of 1st period - Stopped by Adin Hill without a rebound.
19:04 of 1st period - Ryan Poehling wins face-off versus Jonathan Drouin in TEXAS TOROS zone.
Goals for this period are 1 for VANCOUVER VOODOO vs 0 for TEXAS TOROS.
Shots for this period are 9 for VANCOUVER VOODOO vs 8 for TEXAS TOROS.

2nd period


0:01 of 2nd period - Jonathan Toews wins face-off versus Jonathan Drouin in neutral zone.
0:40 of 2nd period - Jonathan Drouin is hit by Ryan Suter and loses puck.
1:19 of 2nd period - Shot by Kevin Hayes.
1:19 of 2nd period - Deflect By Taylor Raddysh.
1:19 of 2nd period - Stopped by Filip Gustavsson without a rebound.
1:20 of 2nd period - Joshua Norris wins face-off versus Trevor Zegras in VANCOUVER VOODOO zone.
2:18 of 2nd period - Shot by Kevin Hayes.
2:18 of 2nd period - Deflect By Taylor Raddysh.
2:18 of 2nd period - Shot Blocked by Joshua Norris.
3:29 of 2nd period - Shot by Jonathan Toews.
3:29 of 2nd period - Shot Misses the Net.
3:33 of 2nd period - Shot by Jesse Ylonen.
3:33 of 2nd period - Shot Misses the Net.
3:35 of 2nd period - Shot by Nate Schmidt.
3:35 of 2nd period - Stopped by Filip Gustavsson with a rebound.
3:37 of 2nd period - Shot by Tyson Foerster.
3:37 of 2nd period - Shot Misses the Net.
3:39 of 2nd period - Shot by Jesse Ylonen.
3:39 of 2nd period - Shot Misses the Net.
3:48 of 2nd period - Icing by Brendan Gallagher.
3:49 of 2nd period - Joshua Norris wins face-off versus Ryan Poehling in VANCOUVER VOODOO zone.
3:49 of 2nd period - Joshua Norris is hit by Wade Allison.
3:55 of 2nd period - Wade Allison is hit by Max Pacioretty and loses puck.
5:11 of 2nd period - Shot by Trevor Zegras.
5:11 of 2nd period - Shot Hit the Post.
5:13 of 2nd period - Shot by Ryan Suter.
5:13 of 2nd period - Shot Blocked by Joshua Norris.
5:15 of 2nd period - Shot by Owen Power.
5:15 of 2nd period - Shot Blocked by Brendan Gallagher.
5:19 of 2nd period - Shot by Trevor Zegras.
5:19 of 2nd period - Stopped by Filip Gustavsson without a rebound.
5:20 of 2nd period - Kevin Hayes wins face-off versus Christian Dvorak in VANCOUVER VOODOO zone.
5:41 of 2nd period - Shot by Jonathan Drouin.
5:41 of 2nd period - Stopped by Adin Hill with a rebound.
5:49 of 2nd period - Shot by Tom Wilson.
5:49 of 2nd period - Stopped by Adin Hill without a rebound.
5:50 of 2nd period - Nicolas Roy wins face-off versus Jonathan Toews in TEXAS TOROS zone.
6:21 of 2nd period - Shot by Jonathan Toews.
6:21 of 2nd period - Stopped by Filip Gustavsson without a rebound.
6:22 of 2nd period - Trevor Zegras wins face-off versus Christian Dvorak in VANCOUVER VOODOO zone.
7:04 of 2nd period - Shot by Troy Terry.
7:04 of 2nd period - Stopped by Filip Gustavsson without a rebound.
7:05 of 2nd period - Nicolas Roy wins face-off versus Kevin Hayes in VANCOUVER VOODOO zone.
7:16 of 2nd period - Shot by Nicolas Roy.
7:16 of 2nd period - Stopped by Adin Hill without a rebound.
7:17 of 2nd period - Jonathan Toews wins face-off versus Radek Faksa in TEXAS TOROS zone.
7:21 of 2nd period - Icing by Nate Schmidt.
7:22 of 2nd period - Jonathan Toews wins face-off versus Conor Garland in TEXAS TOROS zone.
7:29 of 2nd period - Shot by Josh Anderson.
7:29 of 2nd period - Shot Blocked by Nate Schmidt.
7:31 of 2nd period - Shot by Nicolas Roy.
7:31 of 2nd period - Shot Misses the Net.
8:50 of 2nd period - Icing by Jordan Harris.
8:51 of 2nd period - Christian Dvorak wins face-off versus Taylor Raddysh in VANCOUVER VOODOO zone.
10:13 of 2nd period - Shot by Trevor Zegras.
10:13 of 2nd period - Stopped by Filip Gustavsson without a rebound.
10:14 of 2nd period - Christian Dvorak wins face-off versus Wade Allison in VANCOUVER VOODOO zone.
10:32 of 2nd period - Shot by Christian Dvorak.
10:32 of 2nd period - Shot Misses the Net.
12:02 of 2nd period - Shot by Nicolas Roy.
12:02 of 2nd period - Shot Misses the Net.
12:10 of 2nd period - Shot by Jesse Ylonen.
12:10 of 2nd period - Stopped by Filip Gustavsson without a rebound.
12:11 of 2nd period - Christian Dvorak wins face-off versus Kevin Hayes in VANCOUVER VOODOO zone.
12:26 of 2nd period - Shot by Christian Dvorak.
12:26 of 2nd period - Shot Blocked by Dougie Hamilton.
12:41 of 2nd period - Shot by Dougie Hamilton.
12:41 of 2nd period - Shot Misses the Net.
14:07 of 2nd period - Josh Bailey is hit by Owen Power and loses puck.
14:28 of 2nd period - Shot by Brendan Gallagher.
14:28 of 2nd period - Shot Blocked by Ryan Suter.
14:54 of 2nd period - Owen Power is hit by Josh Anderson and loses puck.
15:07 of 2nd period - Shot by Nicolas Roy.
15:07 of 2nd period - Shot Blocked by Ryan Suter.
15:09 of 2nd period - Shot by Conor Garland.
15:09 of 2nd period - Stopped by Adin Hill without a rebound.
15:10 of 2nd period - Trevor Zegras wins face-off versus Nicolas Roy in TEXAS TOROS zone.
16:16 of 2nd period - Shot by Taylor Raddysh.
16:16 of 2nd period - Shot Misses the Net.
16:18 of 2nd period - Shot by Miles Wood.
16:18 of 2nd period - Stopped by Filip Gustavsson with a rebound.
16:20 of 2nd period - Shot by Dante Fabbro.
16:20 of 2nd period - Shot Blocked by Joshua Norris.
16:22 of 2nd period - Shot by Nate Schmidt.
16:22 of 2nd period - Shot Misses the Net.
16:34 of 2nd period - Shot by Taylor Raddysh.
16:34 of 2nd period - Stopped by Filip Gustavsson without a rebound.
16:35 of 2nd period - Christian Dvorak wins face-off versus Ryan Poehling in VANCOUVER VOODOO zone.
16:49 of 2nd period - Icing by Ryan Poehling.
16:50 of 2nd period - Radek Faksa wins face-off versus Ryan Poehling in TEXAS TOROS zone.
16:50 of 2nd period - Rafael Harvey-Pinard is hit by Dante Fabbro.
16:52 of 2nd period - Shot by Josh Bailey.
16:52 of 2nd period - Shot Misses the Net.
17:39 of 2nd period - Shot by Taylor Raddysh.
17:39 of 2nd period - Stopped by Filip Gustavsson with a rebound.
17:41 of 2nd period - Shot by Taylor Raddysh.
17:41 of 2nd period - Shot Misses the Net.
17:43 of 2nd period - Shot by Kevin Hayes.
17:43 of 2nd period - Stopped by Filip Gustavsson with a rebound.
17:45 of 2nd period - Shot by Tyson Barrie.
17:45 of 2nd period - Shot Misses the Net.
17:47 of 2nd period - Shot by Dougie Hamilton.
17:47 of 2nd period - Stopped by Filip Gustavsson without a rebound.
17:48 of 2nd period - Christian Dvorak wins face-off versus Troy Terry in VANCOUVER VOODOO zone.
17:50 of 2nd period - Tom Wilson is hit by Trevor Zegras and loses puck.
18:05 of 2nd period - Shot by Jonathan Drouin.
18:05 of 2nd period - Shot Blocked by Owen Power.
18:07 of 2nd period - Shot by Christian Dvorak.
18:07 of 2nd period - Stopped by Adin Hill without a rebound.
18:08 of 2nd period - Nicolas Roy wins face-off versus Ryan Poehling in TEXAS TOROS zone.
18:25 of 2nd period - Shot by Dougie Hamilton.
18:25 of 2nd period - Stopped by Filip Gustavsson without a rebound.
18:26 of 2nd period - Trevor Zegras wins face-off versus Christian Dvorak in VANCOUVER VOODOO zone.
19:06 of 2nd period - Jonathan Drouin is hit by Dante Fabbro and loses puck.
19:18 of 2nd period - Icing by Jonathan Drouin.
19:19 of 2nd period - Christian Dvorak wins face-off versus Kevin Hayes in VANCOUVER VOODOO zone.
19:38 of 2nd period - Icing by Owen Power.
19:39 of 2nd period - Kevin Hayes wins face-off versus Nicolas Roy in TEXAS TOROS zone.
19:56 of 2nd period - Shot by Taylor Raddysh.
19:56 of 2nd period - Shot Misses the Net.
Goals for this period are 0 for VANCOUVER VOODOO vs 0 for TEXAS TOROS.
Shots for this period are 5 for VANCOUVER VOODOO vs 13 for TEXAS TOROS.

3rd period


0:01 of 3rd period - Nicolas Roy wins face-off versus Trevor Zegras in neutral zone.
0:03 of 3rd period - Josh Anderson is hit by Trevor Zegras and loses puck.
0:19 of 3rd period - Shot by Nicolas Roy.
0:19 of 3rd period - Shot Misses the Net.
0:21 of 3rd period - Shot by Conor Garland.
0:21 of 3rd period - Shot Blocked by Dougie Hamilton.
0:23 of 3rd period - Shot by Conor Garland.
0:23 of 3rd period - Deflect By Nicolas Roy.
0:23 of 3rd period - Goal by Nicolas Roy - VANCOUVER VOODOO : 2 - TEXAS TOROS : 0.
0:24 of 3rd period - Kevin Hayes wins face-off versus Tom Wilson in neutral zone.
0:24 of 3rd period - Kevin Hayes is hit by Tom Wilson.
0:37 of 3rd period - Miles Wood is hit by Braden Schneider and loses puck.
0:43 of 3rd period - Taylor Raddysh is hit by Braden Schneider and loses puck.
0:46 of 3rd period - Shot by Kevin Hayes.
0:46 of 3rd period - Stopped by Filip Gustavsson without a rebound.
0:47 of 3rd period - Trevor Zegras wins face-off versus Nicolas Roy in VANCOUVER VOODOO zone.
0:52 of 3rd period - Shot by Troy Terry.
0:52 of 3rd period - Stopped by Filip Gustavsson without a rebound.
0:53 of 3rd period - Radek Faksa wins face-off versus Trevor Zegras in VANCOUVER VOODOO zone.
0:53 of 3rd period - Rafael Harvey-Pinard is hit by Danton Heinen and loses puck.
1:04 of 3rd period - Shot by Radek Faksa.
1:04 of 3rd period - Deflect By Rafael Harvey-Pinard.
1:04 of 3rd period - Stopped by Adin Hill without a rebound.
1:05 of 3rd period - Nicolas Roy wins face-off versus Kevin Hayes in TEXAS TOROS zone.
1:10 of 3rd period - Shot by Josh Anderson.
1:10 of 3rd period - Stopped by Adin Hill with a rebound.
1:32 of 3rd period - Shot by Nicolas Roy.
1:32 of 3rd period - Stopped by Adin Hill without a rebound.
1:33 of 3rd period - Christian Dvorak wins face-off versus Trevor Zegras in TEXAS TOROS zone.
1:57 of 3rd period - Icing by Jordan Harris.
1:58 of 3rd period - Jonathan Drouin wins face-off versus Jonathan Toews in VANCOUVER VOODOO zone.
2:06 of 3rd period - Christian Dvorak is hit by Tyson Foerster and loses puck.
2:32 of 3rd period - Icing by Jordan Harris.
2:33 of 3rd period - Trevor Zegras wins face-off versus Christian Dvorak in VANCOUVER VOODOO zone.
2:58 of 3rd period - Shot by Troy Terry.
2:58 of 3rd period - Shot Blocked by Radek Faksa.
3:00 of 3rd period - Shot by Trevor Zegras.
3:00 of 3rd period - Shot Misses the Net.
3:02 of 3rd period - Shot by Tyson Barrie.
3:02 of 3rd period - Shot Misses the Net.
3:04 of 3rd period - Shot by Dougie Hamilton.
3:04 of 3rd period - Shot Misses the Net.
3:46 of 3rd period - Shot by Kevin Hayes.
3:46 of 3rd period - Stopped by Filip Gustavsson with a rebound.
3:58 of 3rd period - Shot by Conor Garland.
3:58 of 3rd period - Goal by Conor Garland - VANCOUVER VOODOO : 3 - TEXAS TOROS : 0.
3:59 of 3rd period - Jonathan Toews wins face-off versus Brendan Gallagher in neutral zone.
4:23 of 3rd period - Shot by Joshua Norris.
4:23 of 3rd period - Stopped by Adin Hill without a rebound.
4:24 of 3rd period - Ryan Poehling wins face-off versus Nicolas Roy in TEXAS TOROS zone.
5:27 of 3rd period - Shot by Troy Terry.
5:27 of 3rd period - Stopped by Filip Gustavsson without a rebound.
5:28 of 3rd period - Radek Faksa wins face-off versus Kevin Hayes in VANCOUVER VOODOO zone.
5:37 of 3rd period - Off-side.
5:38 of 3rd period - Christian Dvorak wins face-off versus Trevor Zegras in neutral zone.
5:43 of 3rd period - Shot by Jonathan Drouin.
5:43 of 3rd period - Deflect By Tom Wilson.
5:43 of 3rd period - Shot Misses the Net.
5:45 of 3rd period - Shot by Tom Wilson.
5:45 of 3rd period - Stopped by Adin Hill without a rebound.
5:46 of 3rd period - Kevin Hayes wins face-off versus Radek Faksa in TEXAS TOROS zone.
6:09 of 3rd period - Shot by Radek Faksa.
6:09 of 3rd period - Stopped by Adin Hill with a rebound.
6:11 of 3rd period - Shot by Radek Faksa.
6:11 of 3rd period - Stopped by Adin Hill without a rebound.
6:12 of 3rd period - Christian Dvorak wins face-off versus Trevor Zegras in TEXAS TOROS zone.
6:27 of 3rd period - Off-side.
6:28 of 3rd period - Jonathan Toews wins face-off versus Conor Garland in neutral zone.
6:36 of 3rd period - Icing by Callan Foote.
6:37 of 3rd period - Trevor Zegras wins face-off versus Nicolas Roy in VANCOUVER VOODOO zone.
6:38 of 3rd period - Shot by Troy Terry.
6:38 of 3rd period - Shot Misses the Net.
6:52 of 3rd period - Shot by Nicolas Roy.
6:52 of 3rd period - Shot Blocked by Tyson Barrie.
7:34 of 3rd period - Shot by Christian Dvorak.
7:34 of 3rd period - Stopped by Adin Hill without a rebound.
7:35 of 3rd period - Christian Dvorak wins face-off versus Kevin Hayes in TEXAS TOROS zone.
7:39 of 3rd period - Icing by Owen Power.
7:40 of 3rd period - Radek Faksa wins face-off versus Kevin Hayes in TEXAS TOROS zone.
7:47 of 3rd period - Shot by Rafael Harvey-Pinard.
7:47 of 3rd period - Shot Misses the Net.
7:49 of 3rd period - Shot by Radek Faksa.
7:49 of 3rd period - Stopped by Adin Hill without a rebound.
7:50 of 3rd period - Christian Dvorak wins face-off versus Jesse Ylonen in TEXAS TOROS zone.
7:51 of 3rd period - Shot by Tom Wilson.
7:51 of 3rd period - Shot Hit the Post.
7:53 of 3rd period - Shot by Jonathan Drouin.
7:53 of 3rd period - Stopped by Adin Hill without a rebound.
7:54 of 3rd period - Christian Dvorak wins face-off versus Kevin Hayes in TEXAS TOROS zone.
8:52 of 3rd period - Shot by Josh Bailey.
8:52 of 3rd period - Shot Blocked by Ryan Suter.
8:54 of 3rd period - Shot by Rafael Harvey-Pinard.
8:54 of 3rd period - Stopped by Adin Hill without a rebound.
8:55 of 3rd period - Nicolas Roy wins face-off versus Trevor Zegras in TEXAS TOROS zone.
9:00 of 3rd period - Shot by Nicolas Roy.
9:00 of 3rd period - Deflect By Conor Garland.
9:00 of 3rd period - Stopped by Adin Hill without a rebound.
9:01 of 3rd period - Radek Faksa wins face-off versus Trevor Zegras in TEXAS TOROS zone.
9:06 of 3rd period - Shot by Josh Bailey.
9:06 of 3rd period - Shot Blocked by Tyson Barrie.
9:08 of 3rd period - Shot by Radek Faksa.
9:08 of 3rd period - Shot Misses the Net.
9:10 of 3rd period - Shot by Rafael Harvey-Pinard.
9:10 of 3rd period - Stopped by Adin Hill without a rebound.
9:11 of 3rd period - Jonathan Toews wins face-off versus Nicolas Roy in TEXAS TOROS zone.
10:03 of 3rd period - Icing by Dougie Hamilton.
10:04 of 3rd period - Radek Faksa wins face-off versus Jonathan Toews in TEXAS TOROS zone.
10:05 of 3rd period - Shot by Josh Bailey.
10:05 of 3rd period - Deflect By Rafael Harvey-Pinard.
10:05 of 3rd period - Stopped by Adin Hill without a rebound.
10:06 of 3rd period - Radek Faksa wins face-off versus Trevor Zegras in TEXAS TOROS zone.
10:09 of 3rd period - Shot by Radek Faksa.
10:09 of 3rd period - Shot Misses the Net.
10:11 of 3rd period - Shot by Josh Bailey.
10:11 of 3rd period - Shot Misses the Net.
10:13 of 3rd period - Shot by Radek Faksa.
10:13 of 3rd period - Goal by Radek Faksa - VANCOUVER VOODOO : 4 - TEXAS TOROS : 0.
10:14 of 3rd period - Kevin Hayes wins face-off versus Christian Dvorak in neutral zone.
10:34 of 3rd period - Shot by Kevin Hayes.
10:34 of 3rd period - Deflect By Taylor Raddysh.
10:34 of 3rd period - Stopped by Filip Gustavsson with a rebound.
10:36 of 3rd period - Shot by Kevin Hayes.
10:36 of 3rd period - Stopped by Filip Gustavsson without a rebound.
10:37 of 3rd period - Radek Faksa wins face-off versus Danton Heinen in VANCOUVER VOODOO zone.
11:06 of 3rd period - Shot by Rafael Harvey-Pinard.
11:06 of 3rd period - Stopped by Adin Hill without a rebound.
11:07 of 3rd period - Miles Wood wins face-off versus Christian Dvorak in TEXAS TOROS zone.
11:45 of 3rd period - Shot by Tom Wilson.
11:45 of 3rd period - Shot Blocked by Dougie Hamilton.
11:47 of 3rd period - Shot by Christian Dvorak.
11:47 of 3rd period - Stopped by Adin Hill without a rebound.
11:48 of 3rd period - Radek Faksa wins face-off versus Danton Heinen in TEXAS TOROS zone.
12:47 of 3rd period - Icing by Dante Fabbro.
12:48 of 3rd period - Jonathan Toews wins face-off versus Christian Dvorak in TEXAS TOROS zone.
12:50 of 3rd period - Jesse Ylonen is hit by Tom Wilson and loses puck.
12:57 of 3rd period - Shot by Jonathan Drouin.
12:57 of 3rd period - Stopped by Adin Hill without a rebound.
12:58 of 3rd period - Kevin Hayes wins face-off versus Nicolas Roy in TEXAS TOROS zone.
12:58 of 3rd period - Kevin Hayes is hit by Josh Anderson.
13:06 of 3rd period - Shot by Kevin Hayes.
13:06 of 3rd period - Shot Misses the Net.
13:38 of 3rd period - Shot by Josh Anderson.
13:38 of 3rd period - Stopped by Adin Hill without a rebound.
13:39 of 3rd period - Christian Dvorak wins face-off versus Jonathan Toews in TEXAS TOROS zone.
14:46 of 3rd period - Shot by Trevor Zegras.
14:46 of 3rd period - Deflect By Troy Terry.
14:46 of 3rd period - Shot Misses the Net.
14:48 of 3rd period - Shot by Troy Terry.
14:48 of 3rd period - Shot Misses the Net.
14:50 of 3rd period - Shot by Trevor Zegras.
14:50 of 3rd period - Shot Misses the Net.
14:52 of 3rd period - Shot by Danton Heinen.
14:52 of 3rd period - Stopped by Filip Gustavsson without a rebound.
14:53 of 3rd period - Josh Anderson wins face-off versus Kevin Hayes in VANCOUVER VOODOO zone.
15:14 of 3rd period - Shot by Taylor Raddysh.
15:14 of 3rd period - Shot Misses the Net.
15:54 of 3rd period - Shot by Trevor Zegras.
15:54 of 3rd period - Stopped by Filip Gustavsson without a rebound.
15:55 of 3rd period - Jonathan Drouin wins face-off versus Wade Allison in VANCOUVER VOODOO zone.
16:08 of 3rd period - Shot by Christian Dvorak.
16:08 of 3rd period - Shot Blocked by Ryan Suter.
16:13 of 3rd period - Christian Dvorak is hit by Ryan Suter and loses puck.
16:31 of 3rd period - Christian Dvorak is hit by Ryan Suter and loses puck.
16:35 of 3rd period - Minor Penalty to Tom Wilson for Tripping.
16:36 of 3rd period - Christian Dvorak wins face-off versus Trevor Zegras in VANCOUVER VOODOO zone.
16:55 of 3rd period - Shot by Dougie Hamilton.
16:55 of 3rd period - Shot Misses the Net.
16:57 of 3rd period - Shot by Troy Terry.
16:57 of 3rd period - Stopped by Filip Gustavsson without a rebound.
16:58 of 3rd period - Jonathan Toews wins face-off versus Christian Dvorak in VANCOUVER VOODOO zone.
16:59 of 3rd period - Shot by Ryan Suter.
16:59 of 3rd period - Shot Blocked by Christian Dvorak.
17:01 of 3rd period - Shot by Jonathan Toews.
17:01 of 3rd period - Shot Misses the Net.
17:03 of 3rd period - Shot by Jonathan Toews.
17:03 of 3rd period - Stopped by Filip Gustavsson with a rebound.
17:05 of 3rd period - Shot by Owen Power.
17:05 of 3rd period - Stopped by Filip Gustavsson with a rebound.
17:07 of 3rd period - Shot by Owen Power.
17:07 of 3rd period - Shot Misses the Net.
17:09 of 3rd period - Shot by Owen Power.
17:09 of 3rd period - Stopped by Filip Gustavsson with a rebound.
17:11 of 3rd period - Shot by Owen Power.
17:11 of 3rd period - Shot Misses the Net.
17:13 of 3rd period - Shot by Taylor Raddysh.
17:13 of 3rd period - Shot Blocked by Jordan Harris.
18:13 of 3rd period - Shot by Kevin Hayes.
18:13 of 3rd period - Shot Misses the Net.
18:20 of 3rd period - Icing by Trevor Zegras.
18:21 of 3rd period - Trevor Zegras wins face-off versus Christian Dvorak in TEXAS TOROS zone.
19:29 of 3rd period - Shot by Troy Terry.
19:29 of 3rd period - Shot Blocked by Callan Foote.
19:29 of 3rd period - Callan Foote from VANCOUVER VOODOO is injured at 19:29 of 3rd period (Bruised Right Shoulder).
19:30 of 3rd period - Trevor Zegras wins face-off versus Rafael Harvey-Pinard in VANCOUVER VOODOO zone.
19:31 of 3rd period - Shot by Troy Terry.
19:31 of 3rd period - Shot Blocked by Braden Schneider.
19:33 of 3rd period - Shot by Danton Heinen.
19:33 of 3rd period - Stopped by Filip Gustavsson without a rebound.
19:34 of 3rd period - Radek Faksa wins face-off versus Trevor Zegras in VANCOUVER VOODOO zone.
19:34 of 3rd period - Radek Faksa is hit by Trevor Zegras.
19:46 of 3rd period - Shot by Troy Terry.
19:46 of 3rd period - Shot Misses the Net.
19:48 of 3rd period - Shot by Troy Terry.
19:48 of 3rd period - Stopped by Filip Gustavsson without a rebound.
19:49 of 3rd period - Christian Dvorak wins face-off versus Miles Wood in VANCOUVER VOODOO zone.
19:56 of 3rd period - Shot by Taylor Raddysh.
19:56 of 3rd period - Shot Blocked by Jonathan Drouin.
19:58 of 3rd period - Shot by Ryan Suter.
19:58 of 3rd period - Stopped by Filip Gustavsson with a rebound.
Goals for this period are 3 for VANCOUVER VOODOO vs 0 for TEXAS TOROS.
Shots for this period are 21 for VANCOUVER VOODOO vs 15 for TEXAS TOROS.


BLAKE
WHEELER
STEVEN
STAMKOS
DREW
DOUGHTY

EAST COAST

HOCKEY LEAGUE

  • 63.RHI2PIT5
  • 64.WOR4ATL3
  • 65.QUECHW
  • 66.CHATRV